 Dungeon Crawl Stone Soup version 0.29-a0-409-gd843f3a48c (webtiles) character file.

Game seed: 1961925178398037038

917 Lekart the Skirmisher (level 7, -2/67 HPs)
             Began as a White Draconian Chaos Knight on May 10, 2022.
             Was a Plaything of Xom.
             Slain by an iguana (7 damage)
             ... on level 5 of the Dungeon on May 13, 2022.
             The game lasted 00:12:27 (6438 turns).

Lekart the Skirmisher (DrCK)                        Turns: 6438, Time: 00:12:28

Health: -2/67      AC:  6    Str: 14    XL:     7   Next: 83%
Magic:  7/7        EV: 13    Int: 12    God:    Xom [......]
Gold:   284        SH:  0    Dex: 13    Spells: 6/6 levels left

rFire   . . .      SeeInvis .   c - +5 dagger (distort)
rCold   + . .      Faith    .   (no shield)
rNeg    . . .      Spirit   .   (body armour unavailable)
rPois   .          Reflect  .   (helmet restricted)
rElec   .          Harm     .   (no cloak)
rCorr   .          Rampage  .   (no gloves)
Will    .....                   (no boots)
Stlth   +.........              (no amulet)
HPRegen 0.21/turn               (no ring)
MPRegen 0.10/turn               (no ring)

@: no status effects
A: breathe frost, AC +6, unfitting armour, cold resistance 1, cold-blooded,
mutation resistance 2
a: Breathe Frost, Renounce Religion


You were on level 5 of the Dungeon.
You worshipped Xom.
You were a very special plaything of Xom.
You visited 1 branch of the dungeon, and saw 6 of its levels.
You also visited: Sewer.

You collected 284 gold pieces.

Inventory:

Hand Weapons
 a - a +0 falchion of chaos
 c - a +5 dagger of distortion (weapon)
Missiles
 d - 3 boomerangs
Jewellery
 e - a ring of ice
 q - a ring of willpower
 t - an amulet of regeneration
Wands
 i - a wand of iceblast (2)
 r - a wand of charming (5)
 u - a wand of paralysis (8)
Scrolls
 f - 3 scrolls of magic mapping
 g - a scroll of poison
 h - 2 scrolls of amnesia
 j - 2 scrolls of teleportation
 k - 4 scrolls of fog
 o - 2 scrolls of identify
 x - 2 scrolls of blinking
Potions
 l - a potion of cancellation
 m - a potion of might
 n - 4 potions of flight
 s - 2 potions of curing
Miscellaneous
 b - a piece from Xom's chessboard (15/15) (quivered)


   Skills:
 * Level 7.7 Fighting
 + Level 5.3 Long Blades
 + Level 4.5 Dodging


You had 6 spell levels left.
You didn't know any spells.
Your spell library contained the following spells:

 Spells                   Type           Power      Damage    Failure   Level
 Animate Skeleton         Necr           0%         N/A       32%         1
 Beastly Appendage        Tmut           0%         N/A       32%         1
 Pain                     Necr           0%         1d4       32%         1
 Wereblood                Tmut           0%         N/A       45%         2
 Spider Form              Tmut/Pois      0%         N/A       69%         3
 Vampiric Draining        Necr           0%         2d6       69%         3


Dungeon Overview and Level Annotations

Branches:
Dungeon (6/15)              Sewer (visited)
 Temple: D:4-7

Altars:
Hepliaklqana
Nemelex Xobeh
Okawaru
Wu Jian
Zin
The Shining One

Shops:
D:4 (

Annotations:
D:6 Prince Ribbit


Innate Abilities, Weirdness & Mutations

You can breathe waves of freezing cold which knock back foes.
Your icy white scales are hard. (AC +6)
You cannot fit into any form of body armour.
Your flesh is cold resistant. (rC+)
You are cold-blooded and may be slowed by cold attacks.
You are somewhat resistant to both further mutation and mutation removal.


Message History

You hit the orc warrior but do no damage.
Space warps around the orc warrior.
You punch the orc warrior.
The orc warrior is lightly wounded.
The orc attacks as you move away! The orc hits you with a +0 club.
You feel less confused. The iguana attacks as you move away!
The iguana misses you. The orc attacks as you move away!
The orc completely misses you. The iguana attacks as you move away!
The iguana barely misses you.
You hear Xom's maniacal laughter.
Your body is wracked with pain!
* * * LOW HITPOINT WARNING * * *
The iguana attacks as you move away! The iguana closely misses you.
The orc hits you with a +0 club.
* * * LOW HITPOINT WARNING * * *
The iguana bites you.
* * * LOW HITPOINT WARNING * * *
The iguana bites you!
* * * LOW HITPOINT WARNING * * *
You feel much better. The orc barely misses you. The iguana bites you!
* * * LOW HITPOINT WARNING * * *
The iguana attacks as you move away! The iguana bites you!
* * * LOW HITPOINT WARNING * * *
As you read the scroll of teleportation, it crumbles to dust.
You feel strangely unstable. The orc barely misses you.
You hit the orc.
Space warps horribly around the orc!!
You kill the orc!
The iguana attacks as you move away! The iguana bites you.
* * * LOW HITPOINT WARNING * * *
Your surroundings suddenly seem different.
You see here a +0 ring mail of fire resistance. "How about this?"
A monocle briefly appears over your right eye.
The iguana barely misses you. The iguana attacks as you move away!
The iguana bites you.
* * * LOW HITPOINT WARNING * * *
"Let's try an experiment, hmmm?"
Your 3 scrolls of magic mapping briefly glow.
The iguana attacks as you move away! The iguana bites you!
You die...
Xom guffaws!

## ### ####### #. ######.##
#.....######### #####.
......#.###.....##......# #.....
.#####..).......##.####.# #.###.
..## #####.......[.##.#.####.# #.
...# #......#..#.........# #.
..## #.#.......##.#.###### ## .##
#...)..@lo.......# # .#
#.#..>....##.#.#.# .#
#.##...#.......#.# +##
#.###.##..##.....# # ..##
#.........######.# ## ...##
#####.###........# ##. ....##
##.###.# #######..# ##..
.....####...##.########...####...
.....+.........(.............+...


You could see an orc warrior and an iguana.

Vanquished Creatures
  6 kobold brigands (Sewer)
  4 hounds
  An orc priest (D:4)
  4 iguanas
  8 adders
  A river rat (Sewer)
  An ufetubus (D:4)
  6 worms
  2 dart slugs
  10 orcs
  3 bats
  9 endoplasms
  8 giant cockroaches (D:3)
  7 goblins
  10 hobgoblins
  2 jackals (D:4)
  9 quokkas
  8 ball pythons
  2 frilled lizards
  13 kobolds
  10 rats
124 creatures vanquished.

Notes
Turn   | Place    | Note
-------+----------+-------------------------------------------
     0 | D:1      | Lekart the Draconian Chaos Knight began the quest for the
                  | Orb.
     0 | D:1      | Reached XP level 1. HP: 19/19 MP: 1/1
     0 | D:1      | Upgraded the game from 0.29-a0-393-g47a863cc1b to
                  | 0.29-a0-397-g846e4a0bbc
    29 | D:1      | XOM: silly message
   568 | D:1      | XOM: silly message
   572 | D:1      | Reached XP level 2. HP: 26/26 MP: 2/2
   747 | D:1      | XOM: draining
   815 | D:1      | Found a faded altar of an unknown god.
  1009 | D:1      | XOM: summons 3 hostile shadow creatures
  1266 | D:2      | Reached skill level 4 in Fighting
  1439 | D:2      | Reached XP level 3. HP: 27/31 MP: 3/3
  1556 | D:2      | XOM: god gift: bubbling amethyst potion {god gift}
  1563 | D:2      | XOM is BORED!
  1579 | D:2      | XOM: 3-stop teleportation journey
  1807 | D:2      | Found a sparkling altar of Nemelex Xobeh.
  1957 | D:2      | XOM: stat loss: -1 Dex (11/12)
  2137 | D:2      | XOM: summons 1 hostile demon
  2334 | D:2      | Reached XP level 4. HP: 41/41 MP: 4/4
  2594 | D:3      | Found a glowing drain.
  2625 | Sewer    | Entered a sewer
  2898 | Sewer    | XOM: give mutations
  2898 | Sewer    | Gained mutation: You sometimes lose the ability to read
                  | scrolls when taking damage. [Xom's mischief]
  2898 | Sewer    | Gained mutation: You are weak. (Str -2) [Xom's mischief]
  2898 | Sewer    | Gained mutation: Your mind is acute. (Int +2) [Xom's
                  | mischief]
  2898 | Sewer    | Gained mutation: You are clumsy. (Dex -2) [Xom's mischief]
  2900 | Sewer    | Noticed a kobold brigand
  2910 | Sewer    | Killed a kobold brigand
  2911 | Sewer    | Reached skill level 5 in Fighting
  2911 | Sewer    | Reached XP level 5. HP: 48/48 MP: 5/5
  3004 | Sewer    | XOM: swap monsters
  3007 | Sewer    | XOM: 3-stop teleportation journey
  3209 | Sewer    | XOM: 2-stop teleportation journey
  3371 | Sewer    | XOM: scenery: create altars
  3377 | Sewer    | Reached skill level 6 in Fighting
  3377 | Sewer    | Reached XP level 6. HP: 46/57 MP: 6/6
  3515 | Sewer    | XOM: scenery: create altars
  3546 | Sewer    | XOM: give mutation
  3546 | Sewer    | Lost mutation: Your mind is acute. (Int +2) [Xom's
                  | mischief]
  3594 | Sewer    | XOM: confuse monster(s)
  3661 | Sewer    | XOM: 6-stop teleportation journey
  3857 | Sewer    | XOM: enchant monster (bad)
  3922 | Sewer    | Your scales start taking on an icy white colour.
  3922 | Sewer    | Reached XP level 7. HP: 57/64 MP: 7/7
  3922 | Sewer    | Gained mutation: Your flesh is cold resistant. (rC+) [White
                  | Draconian growth]
  4032 | Sewer    | XOM: give mutations
  4032 | Sewer    | Lost mutation: You are clumsy. (Dex -2) [Xom's mischief]
  4032 | Sewer    | Gained mutation: Your body sometimes deteriorates upon
                  | taking damage. [Xom's mischief]
  4032 | Sewer    | Lost mutation: You sometimes lose the ability to read
                  | scrolls when taking damage. [Xom's mischief]
  4132 | D:3      | Found a glowing golden altar of the Shining One.
  4249 | D:3      | XOM: god gift: trident {god gift}
  4673 | D:4      | Reached skill level 7 in Fighting
  4783 | D:4      | Found a hazy altar of Hepliaklqana.
  4839 | D:4      | Found Lenat's Antique Weapon Emporium.
  4849 | D:4      | Reached skill level 5 in Long Blades
  5064 | D:4      | Found an ornate altar of the Wu Jian Council.
  5503 | D:4      | Upgraded the game from 0.29-a0-397-g846e4a0bbc to
                  | 0.29-a0-409-gd843f3a48c
  5537 | D:5      | Entered Level 5 of the Dungeon
  5606 | D:5      | Found an iron altar of Okawaru.
  5767 | D:5      | XOM is BORED!
  5767 | D:5      | XOM: give mutations
  5767 | D:5      | Gained mutation: You sometimes lose the ability to read
                  | scrolls when taking damage. [Xom's mischief]
  5767 | D:5      | Gained mutation: Your tail ends in a venomous barb. [Xom's
                  | mischief]
  5767 | D:5      | Gained mutation: You are somewhat resistant to further
                  | mutation. [Xom's mischief]
  5795 | D:5      | Lost mutation: You are weak. (Str -2) [potion of mutation]
  5795 | D:5      | Lost mutation: Your body sometimes deteriorates upon taking
                  | damage. [potion of mutation]
  5795 | D:5      | Lost mutation: Your tail ends in a venomous barb. [potion
                  | of mutation]
  5795 | D:5      | Gained mutation: You have a pair of small horns on your
                  | head. [potion of mutation]
  5795 | D:5      | Gained mutation: You are clumsy. (Dex -2) [potion of
                  | mutation]
  5795 | D:5      | Gained mutation: Your mind is acute. (Int +2) [potion of
                  | mutation]
  5796 | D:5      | Lost mutation: You have a pair of small horns on your head.
                  | [potion of mutation]
  5796 | D:5      | Lost mutation: You sometimes lose the ability to read
                  | scrolls when taking damage. [potion of mutation]
  5810 | D:5      | Found a glowing silver altar of Zin.
  5894 | D:5      | Lost mutation: Your mind is acute. (Int +2) [potion of
                  | mutation]
  5894 | D:5      | Lost mutation: You are clumsy. (Dex -2) [potion of
                  | mutation]
  5894 | D:5      | Gained mutation: You are somewhat resistant to both further
                  | mutation and mutation removal. [potion of mutation]
  5908 | D:5      | XOM: noise
  5936 | D:5      | XOM: 2-stop teleportation journey
  6340 | D:5      | XOM: noise
  6392 | D:6      | Noticed Prince Ribbit
  6398 | D:6      | XOM: enchant monster (bad)
  6401 | D:6      | XOM: summons 4 hostile demons
  6408 | D:5      | XOM: torment (19/67 hp)
  6435 | D:5      | XOM: silly message
  6437 | D:5      | XOM: silly message
  6438 | D:5      | Slain by an iguana

Illustrated notes

Levels and vault maps discovered:
D:1:      evilmike_arrival_hilbert_curve, layout_basic,
          ebering_ecumenical_altar_abandoned, serial_curves, eino_curves_03,
          eino_curves_04, eino_curves_02
D:2:      minmay_razor_zed, layout_basic, basic_altar
D:3:      minmay_roachtagon, layout_basic, nicolae_tso_carved_into_rock,
          portal_sewer_entry_f, minmay_misc_feat_square, minmay_misc_feat_doors
D:4:      layout_gridville, mainiacjoe_overflow_six_doors_small,
          nicolae_hepliaklqana_hazy_memory, serial_shops, shop
D:5:      layout_loops_corners, kennysheep_little_box, okawaru_trees_2
D:6:      layout_loops_ring, nicolae_overflow_hidden_temple,
          minmay_temple_entry_sparse_star, uniq_prince_ribbit1, uniq_duvessa

Skill      XL: |  1  2  3  4  5  6  7 |
---------------+----------------------+-----
Fighting       | 4 5 6 7 |  7.7
Dodging        | 3 4 |  4.5
Long Blades    | 4 5 |  5.3

Action                   |  1- 3 |  4- 6 |  7- 9 || total
-------------------------+-------+-------+-------++-------
Melee: Dagger            |    72 |   146 |   139 ||   357
       Falchion          |     1 |       |       ||     1
       Tailslap          |     5 |     8 |    10 ||    23
       Punch             |       |     1 |     2 ||     3
Evoke: Piece from Xom's  |     5 |     6 |     1 ||    12
       Wand              |       |     1 |       ||     1
  Use: Scroll            |     6 |     1 |    10 ||    17
       Potion            |       |       |     8 ||     8
 Stab: Petrified         |     1 |       |       ||     1
       Sleeping          |     1 |     1 |     1 ||     3
       Paralysed         |       |     2 |     2 ||     4
Armor: Skin              |     9 |    22 |    36 ||    67
Dodge: Dodged            |    36 |    70 |    93 ||   199

Table legend: (Time is in decaauts)
 A = Elapsed time spent in this place.
 B = Non-inter-level travel time spent in this place.
 C = Inter-level travel time spent in this place.
 D = Time resting spent in this place.
 E = Time spent auto-exploring this place.
 F = Levels seen in this place.
 G = Mean time per level.
                   A        B        C        D        E       F      G
               +--------+--------+--------+--------+--------+-----+--------+
         Total |   6559 |   6387 |    172 |    452 |   4918 |   7 |  937.0 |
       Dungeon |   4952 |   4780 |    172 |      0 |   4071 |   6 |  825.3 |
         Sewer |   1607 |   1607 |      0 |    452 |    846 |   1 | 1607.0 |
               +--------+--------+--------+--------+--------+-----+--------+

Top non-repeatable levels by time:
   Sewer: 1607 daAuts
     D:2: 1448 daAuts
     D:1: 1110 daAuts
     D:4: 890 daAuts
     D:5: 873 daAuts
     D:3: 609 daAuts
     D:6: 21 daAuts
